 Dungeon Crawl Stone Soup version 0.19.4-9-g45fd643 (webtiles) character file.

177 empire the Poker (level 5, -4/41 HPs)
             Began as a Mummy Fighter on Feb 16, 2017.
             Slain by a gnoll
             ... wielding a +0 whip of holy wrath
              (8 damage)
             ... on level 3 of the Dungeon.
             The game lasted 00:05:15 (3674 turns).

empire the Poker (Mummy Fighter)                    Turns: 3674, Time: 00:05:15

Health: -4/41      AC:  7    Str: 20    XL:     5   Next: 31%
Magic:  5/5        EV:  8    Int:  8    God:
Gold:   133        SH:  8    Dex: 11    Spells: 0 memorised, 4 levels left

rFire  x x x     SeeInvis .     a - +0 trident
rCold  + + +     Gourm    .     b - +0 scale mail
rNeg   + + +     Faith    .     c - +0 shield
rPois  ∞         Spirit   .     (no helmet)
rElec  .         Reflect  .     l - +0 cloak {rPois}
rCorr  .         Harm     .     (no gloves)
MR     .....                    (no boots)
Stlth  ..........               (no amulet)
                                g - ring of ice
                                d - ring of ice

@: no status effects
A: no food or potions, fire vulnerability, cold resistance 1, negative energy
resistance 3, torment resistance, unbreathing
a: no special abilities


You were on level 3 of the Dungeon.
You were not hungry.

You visited 1 branch of the dungeon, and saw 3 of its levels.

You collected 133 gold pieces.

Inventory:

Hand Weapons
 a - a +0 trident (weapon)
Armour
 b - a +0 scale mail (worn)
 c - a +0 shield (worn)
 l - a +0 cloak of poison resistance (worn)
Jewellery
 d - a ring of ice (left hand)
 g - a ring of ice (right hand)
Scrolls
 e - a scroll of remove curse {unknown}
 f - a scroll of amnesia {unknown}
 h - a scroll of enchant weapon {unknown}
 i - 2 scrolls of identify {unknown}
 j - a scroll of blinking {unknown}
 m - a scroll of teleportation {unknown}
 n - a scroll of magic mapping {unknown}
Books
 k - a book of Changes

   Spells                             Type                      Level
   a - Beastly Appendage              Transmutation                1
   b - Sticks to Snakes               Transmutation                2
   c - Spider Form                    Transmutation/Poison         3
   d - Ice Form                       Ice/Transmutation            4
   e - Blade Hands                    Transmutation                5


   Skills:
 - Level 3.0 Fighting
 - Level 4.0 Polearms
 + Level 2.4 Armour
 - Level 2.0 Dodging
 - Level 2.4 Shields


You had 4 spell levels left.
You didn't know any spells.

Dungeon Overview and Level Annotations

Branches:
Dungeon (3/15)

Altars:
Dithmenos
Yredelemnul


Innate Abilities, Weirdness & Mutations

You do not eat or drink.
Your flesh is vulnerable to fire.
You are immune to poison.
Your flesh is cold resistant. (rC+)
You are immune to negative energy. (rN+++)
You are immune to unholy pain and torment.
You can survive without breathing.


Message History

The gnoll is lightly wounded.
The gnoll hits you with a whip of holy wrath.
You convulse.
You closely miss the gnoll.
The gnoll is lightly wounded.
The gnoll hits you with a whip of holy wrath.
You convulse.
You hit the gnoll but do no damage.
The gnoll is lightly wounded.
The gnoll hits you with a whip of holy wrath!
You convulse!
* * * LOW HITPOINT WARNING * * *
The gnoll hits you but does no damage.
You hit the gnoll.
The gnoll is lightly wounded.
The gnoll barely misses you.
Your shield prevents you from hitting the gnoll.
The gnoll is lightly wounded.
The gnoll hits you with a whip of holy wrath!
You die...

<...# #########
......# #.......#
####### #.#####.#
##### #.#####.#
#...# #.#.....#
#####
#.#.#######.#.#####
....#
#.#.........#)#...#
....#
#.###########)#.#.#
....#######
#..@g.............#
.#####....#
#########.#.....###
.# #.##.#
#####.#...### .#
#.##.#####
#.........#
.#####.#......#
#.....#.#.#
..............#
#.........#
..............#
#....####.#
..............#
####.# ###
..............# #.#


You could see a gnoll.

Vanquished Creatures
  A crimson imp (D:3)
  2 gnolls (D:3)
  4 adders
  An ooze (D:2)
  4 worms
  A dart slug (D:2)
  2 leopard geckos
  6 orcs (D:3)
  4 bats
  3 giant cockroaches
  7 goblins
  8 hobgoblins
  3 jackals (D:2)
  A quokka (D:2)
  A ball python (D:1)
  5 frilled lizards
  5 kobolds
  7 rats
65 creatures vanquished.

Notes
Turn   | Place    | Note
-------+----------+-------------------------------------------
     0 | D:1      | empire the Mummy Fighter began the quest for the Orb.
     0 | D:1      | Reached XP level 1. HP: 18/18 MP: 1/1
   251 | D:1      | Reached skill level 2 in Polearms
   441 | D:1      | Reached XP level 2. HP: 15/24 MP: 2/2
  1685 | D:2      | Reached XP level 3. HP: 19/29 MP: 3/3
  1971 | D:2      | Reached skill level 3 in Polearms
  2351 | D:2      | Reached XP level 4. HP: 35/35 MP: 4/4
  2701 | D:2      | Found a basalt altar of Yredelemnul.
  3047 | D:3      | Found a shadowy altar of Dithmenos.
  3265 | D:3      | Reached skill level 4 in Polearms
  3529 | D:3      | Reached skill level 1 in Dodging
  3529 | D:3      | Reached XP level 5. HP: 40/41 MP: 5/5
  3674 | D:3      | Slain by a gnoll

Skill      XL: |  1  2  3  4  5 |
---------------+----------------+-----
Polearms       | 2 3 4 |  4.0
Dodging        | 1 2 |  2.0
Fighting       | |  3.0
Armour         | |  2.4
Shields        | |  2.4

Action                   |  1- 3 |  4- 6 || total
-------------------------+-------+-------++-------
Melee: Trident           |   170 |   132 ||   302
Armor: Scale mail        |    61 |    40 ||   101
Dodge: Dodged            |    42 |    29 ||    71
Block: Shield            |    66 |    35 ||   101
